 Dungeon Crawl Stone Soup version 0.20.1-1-g8b1a95d (webtiles) character file.

110 Stibbins the Chopper (level 4, 0/40 HPs)
             Began as a Hill Orc Monk on Oct 27, 2017.
             Slain by an orc priest
             ... wielding a +0 flail
              (7 damage)
             ... on level 3 of the Dungeon.
             The game lasted 00:12:27 (2620 turns).

Stibbins the Chopper (Hill Orc Monk)                Turns: 2620, Time: 00:12:28

Health: 0/40       AC:  3    Str: 14    XL:     4   Next: 91%
Magic:  4/4        EV: 13    Int: 10    God:
Gold:   167        SH:  0    Dex: 13    Spells: 3/3 levels left

rFire    . . .     SeeInvis .   a - +1 hand axe
rCold    . . .     Gourm    .   (no shield)
rNeg     . . .     Faith    .   b - +1 robe
rPois    .         Spirit   .   (no helmet)
rElec    .         Reflect  .   (no cloak)
rCorr    .         Harm     .   (no gloves)
MR       .....                  (no boots)
Stlth    ++........             (no amulet)
Regen    0.2/turn               (no ring)
MPRegen  0.1/turn               (no ring)

@: no status effects
A: no striking features
a: Convert to Beogh


You were on level 3 of the Dungeon.
You were not hungry.

You visited 1 branch of the dungeon, and saw 3 of its levels.

You collected 167 gold pieces.

Inventory:

Hand Weapons
 a - a +1 hand axe (weapon)
 e - a +1 spear of piercing
 h - a +0 hand axe
Missiles
 i - 8 poisoned javelins (quivered)
Armour
 b - a +1 robe (worn)
 c - a +0 hat
 f - a +3 chain mail
Scrolls
 m - a scroll of immolation {unknown}
 n - a scroll of fog
Potions
 d - a potion of might {unknown}
 g - a potion of curing {unknown}
 j - 2 potions of brilliance {unknown}
 l - a potion of flight {unknown}
Comestibles
 k - a bread ration


   Skills:
 + Level 4.1 Fighting
 + Level 5.4 Axes
 + Level 0.1 Throwing
 + Level 3.3 Dodging
 + Level 2.0 Stealth


You had 3 spell levels left.
You didn't know any spells.

Dungeon Overview and Level Annotations

Branches:
Dungeon (3/15)

Altars:
Fedhas
Kikubaaqudgha
Okawaru


Message History

You barely miss the orc.
The orc is heavily wounded.
The orc closely misses you.
You hit the orc.
The orc is severely wounded.
The orc barely misses you.
You hit the orc.
You kill the orc!
The orc priest mumbles some strange prayers to Beogh against you.
Beogh smites you! The orc priest hits you with a flail!
* * * LOW HITPOINT WARNING * * *
Items here: $ ) = [ a flail; a leather armour; a notched agate ring; 6 gold pieces You slash the orc priest!
The orc priest is severely wounded.
You barely miss the orc priest.
The orc priest is severely wounded.
The orc priest hits you with a flail!
You die...

#..# ........[..# #..# #.
................#
####..######. ... ...........#
.............. ...
.>.........# ####..#...##..
... ........รท..###
####..#...#
#.#'#...............
....#.#...#
#.#.#............##.
....#.#...#
#..o'............##.
....#.....# #@# ...........##.
#####.....######.#
...........##. #.........$..#
...........##.
#######.#######..#
#######'#.###.
.............##..# #.#.# #.
...####.#.....#..####### #.#.#
#. ...# #.......#........# #.#
#. ...# ##......#........# #.#
#.
...#####......#........###.#.#
#.


You could see an orc priest.

Vanquished Creatures
  An orc priest (D:3)
  An adder (D:2)
  An ooze (D:1)
  A worm (D:2)
  A dart slug (D:1)
  2 leopard geckos
  3 orcs (D:3)
  4 giant cockroaches
  2 hobgoblins (D:1)
  6 jackals
  2 quokkas
  2 ball pythons (D:1)
  9 bats
  7 frilled lizards
  5 goblins
  6 kobolds
  6 rats
59 creatures vanquished.

Notes
Turn   | Place    | Note
-------+----------+-------------------------------------------
     0 | D:1      | Stibbins the Hill Orc Monk began the quest for the Orb.
     0 | D:1      | Reached XP level 1. HP: 19/19 MP: 1/1
   233 | D:1      | Reached XP level 2. HP: 20/27 MP: 2/2
   647 | D:1      | Reached XP level 3. HP: 30/33 MP: 3/3
  1151 | D:2      | Found an ancient bone altar of Kikubaaqudgha.
  1295 | D:2      | Found a blossoming altar of Fedhas.
  1402 | D:2      | Reached skill level 5 in Axes
  1403 | D:2      | Reached XP level 4. HP: 25/40 MP: 4/4
  1739 | D:2      | Found an iron altar of Okawaru.
  2620 | D:3      | Slain by an orc priest

Skill      XL: |  1  2  3  4 |
---------------+-------------+-----
Fighting       | 4 |  4.1
Dodging        | 3 |  3.3
Axes           | 5 |  5.4
Stealth        | 2 |  2.0
Throwing       | |  0.1

Action                   |  1- 3 |  4- 6 || total
-------------------------+-------+-------++-------
Melee: Hand axe          |   148 |    67 ||   215
Throw: Javelin           |       |     2 ||     2
  Use: Scroll            |     3 |     3 ||     6
 Stab: Sleeping          |     2 |     1 ||     3
  Eat: Bread ration      |     1 |       ||     1
       Chunk             |     1 |       ||     1
Armor: Robe              |    33 |     8 ||    41
Dodge: Dodged            |   118 |    34 ||   152
